 Dungeon Crawl Stone Soup version 0.30.1-11-g7821555f0a (webtiles) character file.

Game seed: 4836473174458990146

770 Peloso the Slasher (level 7, 0/56 (60) HPs)
             Began as a Minotaur Fighter on Oct 28, 2023.
             Slain by a wight
             ... wielding a +4 long sword
              (7 damage)
             ... on level 6 of the Dungeon.
             The game lasted 00:06:29 (4333 turns).

Peloso the Slasher (Minotaur Fighter)               Turns: 4333, Time: 00:06:30

HP:   0/56 (60)     AC: 15    Str: 20    XL:     7   Next: 52%
MP:   6/6           EV:  6    Int:  5    God:
Gold: 259           SH:  5    Dex: 12    Spells: 6/6 levels left

rFire   . . .        a - +1 long sword
rCold   . . .        d - +0 buckler
rNeg    . . .        i - +0 plate armour
rPois   .            (helmet restricted)
rElec   +            (no cloak)
rCorr   .            u - +0 pair of gloves
SInv    .            w - +0 pair of boots
Will    .....        (no amulet)
Stlth   x              - ring of flight
HPRegen 0.29/turn    (no ring)
MPRegen 0.10/turn

%: no passive effects
@: flying, drained
A: horns 2, retaliatory headbutt, talons 1, electricity resistance, wild magic 1
a: no special abilities


You were on level 6 of the Dungeon.
You visited 1 branch of the dungeon, and saw 6 of its levels.

You collected 259 gold pieces.

Inventory:

Hand Weapons
 a - a +1 long sword (weapon)
Armour
 b - a +0 scale mail
 c - a +0 chain mail
 d - a +0 buckler (worn)
 i - a +0 plate armour (worn)
 u - a +0 pair of gloves (worn)
 w - a +0 pair of boots (worn)
Jewellery
 f - a ring of see invisible
 p - a ring of ice
 v - a ring of fire
 x - a ring of flight (left hand)
Wands
 h - a wand of light (11)
 y - a wand of flame (3)
Scrolls
 j - 2 scrolls of fear
 k - 5 scrolls of poison
 n - 5 scrolls of immolation
 o - a scroll of enchant weapon
 q - a scroll of amnesia {unknown}
 s - a scroll of brand weapon {unknown}
Potions
 e - 2 potions of might
 g - 2 potions of lignification
 l - 2 potions of flight {unknown}
 m - 2 potions of curing {unknown}
 r - 3 potions of heal wounds {unknown}
 t - 2 potions of resistance {unknown}
 z - a potion of haste {unknown}


   Skills:
 + Level 4.7 Fighting
 + Level 6.8 Long Blades
 + Level 6.2 Armour
 + Level 1.5 Dodging
 + Level 0.8 Stealth
 + Level 5.2 Shields
 + Level 1.1 Evocations


You had 6 spell levels left.
You didn't know any spells.
Your spell library was empty.

Dungeon Overview and Level Annotations

Branches:
Dungeon (6/15)             Temple (0/1) D:4

Altars:
Cheibriados
Uskayaw
Vehumet
Yredelemnul
The Shining One

Shops:
D:4 [   D:5 (   D:6 *


Innate Abilities, Weirdness & Mutations

You have a pair of horns on your head.
You reflexively headbutt those who attack you in melee.
You have sharp toenails.
You are resistant to electric shocks. (rElec)
Your spells are a little harder to cast, but a little more powerful.


Message History

A wight is nearby!
A wight comes into view. It is wielding a +3 great sword.
The wight hits you with a +4 long sword.
You feel drained.
There is an entrance to Sipn's General Store here.
You hit the wight.
The wight is lightly damaged.
You hit the wight.
The wight is lightly damaged.
The wight completely misses you. You furiously retaliate!
You headbutt the wight.
The wight hits you with a +3 great sword!
You feel drained.
You closely miss the wight.
The wight is lightly damaged.
The wight hits you but does no damage. The wight barely misses you.
You barely miss the wight. You headbutt the wight.
The wight is moderately damaged.
The wight hits you with a +4 long sword!
The wight barely misses you. You furiously retaliate!
You headbutt the wight. You hit the wight but do no damage.
The wight is moderately damaged.
The wight barely misses you.
The wight hits you with a +3 great sword.
Unknown command.
You hit the wight. You headbutt the wight.
The wight is heavily damaged.
The wight hits you but does no damage.
The wight hits you with a +3 great sword.
Unknown command.
You barely miss the wight.
The wight is heavily damaged.
The wight hits you with a +4 long sword!
You block the wight's attack.
The wight hits you with a +3 great sword!
* * * LOW HITPOINT WARNING * * *
The wight closely misses you. The wight attacks as you move away!
You block the wight's attack.
The wight hits you with a +4 long sword!
You die...

#### ##. #.. #... #.. ...
..# ... #.# # # #.# ##.##
#.# #.#.###8.8####.#.##
##.#.##.@∩z.........#
#.....?.8z8.....#..#.####
#.###.####.##.####.###....
#. #.# #..........#.####
#.###.# ####.####.#.##
#...## # #.#)# ##.##
#.####.#.# #.# #........#
#.# ######.###


You could see 2 wights.

Vanquished Creatures
  Edmund (D:4)
  A black bear (D:6)
  A phantom (D:3)
  A scorpion (D:6)
  2 wights (D:6)
  2 hounds
  2 jellies
  An iguana (D:5)
  Ijyb (D:3)
  Robin (D:4)
  5 adders
  2 worms
  2 dart slugs (D:1)
  5 orcs
  5 ball pythons
  5 endoplasms
  3 giant cockroaches
  13 goblins
  13 hobgoblins
  6 quokkas
  6 bats
  9 kobolds
  A rat (D:3)
88 creatures vanquished.

Notes
Turn   | Place    | Note
-------+----------+-------------------------------------------
     0 | D:1      | Peloso the Minotaur Fighter began the quest for the Orb.
     0 | D:1      | Reached XP level 1. HP: 19/19 MP: 0/0
    94 | D:1      | Reached XP level 2. HP: 26/27 MP: 1/1
   409 | D:1      | Reached XP level 3. HP: 28/33 MP: 2/2
   569 | D:1      | Gained mutation: You have hidden genetic potential. [potion
                  | of mutation]
   569 | D:1      | Gained mutation: You have sharp toenails. [potion of
                  | mutation]
   765 | D:2      | Reached skill level 1 in Dodging
  1261 | D:3      | Found a large runed translucent door.
  1261 | D:3      | Found a large runed translucent door.
  1368 | D:3      | Noticed Ijyb
  1381 | D:3      | Killed Ijyb
  1382 | D:3      | Reached XP level 4. HP: 11/40 MP: 3/3
  1389 | D:3      | Gained mutation: Your spells are a little harder to cast,
                  | but a little more powerful. [hidden potential]
  1646 | D:3      | Noticed a phantom
  1659 | D:3      | Killed a phantom
  1660 | D:3      | Reached skill level 5 in Armour
  1660 | D:3      | Reached XP level 5. HP: 35/46 MP: 4/4
  1844 | D:3      | Found a glowing golden altar of the Shining One.
  2048 | D:3      | Found a snail-covered altar of Cheibriados.
  2057 | D:3      | Found a basalt altar of Yredelemnul.
  2114 | D:4      | Found a staircase to the Ecumenical Temple.
  2207 | D:4      | Noticed Edmund
  2218 | D:4      | Killed Edmund
  2219 | D:4      | Reached XP level 6. HP: 19/53 MP: 5/5
  2230 | D:4      | Gained mutation: You are resistant to electric shocks.
                  | (rElec) [hidden potential]
  2230 | D:4      | Lost mutation: You have hidden genetic potential. [hidden
                  | potential expressed]
  2425 | D:4      | Noticed Robin
  2427 | D:4      | Reached skill level 5 in Long Blades
  2461 | D:4      | Killed Robin
  2730 | D:4      | Found Docaul's Antique Armour Emporium.
  2949 | D:5      | Entered Level 5 of the Dungeon
  3217 | D:5      | Reached skill level 1 in Evocations
  3352 | D:5      | Found Qakow's Weapon Shop.
  3890 | D:5      | Found a radiant altar of Vehumet.
  3956 | D:6      | Reached XP level 7. HP: 60/60 MP: 6/6
  3966 | D:6      | Reached skill level 5 in Shields
  4013 | D:6      | Found a hide-covered altar of Uskayaw.
  4320 | D:6      | Found Sipn's General Store.
  4333 | D:6      | Slain by a wight

Illustrated notes

Levels and vault maps discovered:
D:1:      ldierk_walled_garden, layout_rooms, st_stairs_8
D:2:      layout_rooms, serial_curves, eino_curves_04, eino_curves_01,
          kennysheep_cluttered_room
D:3:      layout_loops_cross, mainiacjoe_overflow_brackets,
          jmf_multi_god_temple2, uniq_ijyb
D:4:      layout_loops_ring, minmay_temple_entry_metal_lava, serial_shops, shop,
          nicolae_concentric_dashed_squares_wild, uniq_edmund, uniq_robin
D:5:      layout_basic, mainiacjoe_overflow_alcove_1, serial_shops,
          nicolae_shop_pleasant_corner_grove, kennysheep_generic_room_13
D:6:      layout_loops_ring, mainiacjoe_overflow_small_starburst, serial_shops,
          nicolae_shop_tiny_statue_garden

Skill      XL: |  1  2  3  4  5  6  7 |
---------------+----------------------+-----
Armour         | 4 5 6 |  6.2
Shields        | 4 5 |  5.2
Fighting       | 4 |  4.7
Dodging        | 1 |  1.5
Long Blades    | 3 4 5 6 |  6.8
Evocations     | 1 |  1.1
Stealth        | |  0.8

Action                     |  1- 3 |  4- 6 |  7- 9 || total
---------------------------+-------+-------+-------++-------
  Melee: Long sword        |    98 |   107 |    31 ||   236
         Headbutt          |     8 |    18 |     8 ||    34
         Kick              |    10 |    20 |       ||    30
  Evoke: Wand              |       |     3 |       ||     3
    Use: Scroll            |     6 |     3 |       ||     9
         Potion            |     1 |       |       ||     1
   Stab: Invisible         |       |     1 |       ||     1
 Armour: Scale mail        |    36 |       |       ||    36
         Chain mail        |    19 |     6 |       ||    25
         Plate armour      |       |    69 |    12 ||    81
  Dodge: Dodged            |    55 |    29 |    11 ||    95
  Block: Buckler           |    22 |    28 |     8 ||    58
